 Dungeon Crawl Stone Soup version 0.30-a0-586-g23e55c9e0a (webtiles) character file.

Game seed: 10301753959744565904

99 brightshaft the Shooter (level 4, -2/36 HPs)
             Began as a Demigod Hunter on Jan 4, 2023.
             Slain by a gnoll
             ... wielding a +0 club
              (5 damage)
             ... on level 4 of the Dungeon.
             The game lasted 00:05:36 (2077 turns).

brightshaft the Shooter (Demigod Hunter)            Turns: 2077, Time: 00:05:37

Health: -2/36      AC:  4    Str: 12    XL:     4   Next: 22%
Magic:  6/6        EV: 12    Int: 11    God:
Gold:   221        SH:  0    Dex: 21    Spells: 3/3 levels left

rFire   . . .      SeeInvis .    a - +0 shortbow
rCold   . . .      Faith    .    (shield currently unavailable)
rNeg    . . .      Spirit   .    c - +1 leather armour
rPois   .          Reflect  .    (no helmet)
rElec   .          Harm     .    (no cloak)
rCorr   .          Rampage  .    (no gloves)
Will    .....                    (no boots)
Stlth   ++                       (no amulet)
HPRegen 0.26/turn                (no ring)
MPRegen 0.10/turn                (no ring)

@: no status effects
A: high MP 1, forlorn, divine attributes
a: no special abilities


You were on level 4 of the Dungeon.
You visited 1 branch of the dungeon, and saw 4 of its levels.

You collected 221 gold pieces.

Inventory:

Hand Weapons
 a - a +0 shortbow (weapon)
Armour
 c - a +1 leather armour (worn)
Scrolls
 b - 2 scrolls of immolation
 e - a scroll of amnesia {unknown}
 h - 4 scrolls of identify {@r1}
 j - a scroll of vulnerability {unknown}
 m - a scroll of enchant weapon {unknown}
 n - a scroll of enchant armour
Potions
 d - 2 potions of might {unknown}
 f - a potion of flight
 g - a potion of degeneration {unknown}
 i - a potion of lignification {unknown}
 k - 2 potions of berserk rage {unknown}


   Skills:
 - Level 1.7 Fighting
 + Level 5.4 Ranged Weapons
 - Level 1.7 Dodging
 - Level 0.8 Stealth


You had 3 spell levels left.
You didn't know any spells.
Your spell library contained the following spells:

 Spells                   Type           Power      Damage    Failure   Level
 Summon Small Mammal      Summ           0%         N/A       41%         1
 Call Canine Familiar     Summ           0%         N/A       80%         3
 Ozocubu's Armour         Ice            0%         N/A       80%         3
 Summon Guardian Golem    Hex/Summ       0%         N/A       80%         3
 Metabolic Englaciation   Hex/Ice        0%         N/A       100%        5
 Simulacrum               Ice/Necr       0%         N/A       100%        6


Dungeon Overview and Level Annotations

Branches:
Dungeon (4/15)
 Temple: D:4-7

Shops:
D:1 :   D:2 [


Innate Abilities, Weirdness & Mutations

You have an increased reservoir of magic. (+10% MP)
You shall have no god before yourself.
Your divine heritage dramatically boosts your attributes as you level up.


Message History

The gnoll is heavily wounded.
A gnoll comes into view. It is wielding a +0 flail.
You shoot an arrow. The arrow barely misses the gnoll.
The arrow closely misses the gnoll.
The gnoll shouts! x2
You shoot an arrow. The arrow hits the gnoll!
The gnoll is severely wounded.
You shoot an arrow. The arrow barely misses the gnoll. x2
The gnoll barely misses you.
You shoot an arrow. The arrow hits the gnoll.
The gnoll is almost dead.
The gnoll misses you. The gnoll closely misses you.
The gnoll hits you with a +0 flail!
You shoot an arrow. The arrow barely misses the gnoll.
The arrow hits the gnoll.
The gnoll is lightly wounded.
The gnoll closely misses you. The gnoll hits you but does no damage.
You shoot an arrow. The arrow closely misses the gnoll.
The gnoll hits you with a +0 whip.
The gnoll hits you from afar with a +0 spear!
The gnoll hits you with a +0 flail!
* * * LOW HITPOINT WARNING * * *
You are too injured to fight recklessly!
You are too injured to fight recklessly!
Okay, then.
The gnoll attacks as you move away! The gnoll hits you with a +0 flail.
* * * LOW HITPOINT WARNING * * *
The gnoll misses you. The gnoll attacks as you move away!
The gnoll barely misses you. The gnoll hits you but does no damage.
The gnoll attacks as you move away! The gnoll hits you with a +0 club.
* * * LOW HITPOINT WARNING * * *
The gnoll attacks as you move away! The gnoll hits you but does no damage.
Really read the scroll of poison?
Okay, then.
Really read the scroll of poison?
The air fills with toxic fumes!
As you read the scroll of poison, it crumbles to dust.
The gnoll closely misses you. The gnoll hits you with a +0 club.
You die...

#.................
#........§§§§..#+#######
##########§§§..+.......#
.# #§§§§.#......§# .#
#§§§§.# ....§§# .#
#§§§§§# ..§§.## ##
###§§§§§####§#§§§# .#
##.##+#§§§§§§g§§# .#
#.....#§§§@gg§§§# .#
#.....#§§§§g§§§§# .#
#.....#§§§§§§§§§# .#
#.....#§§§§§§§§§# .#
#.....#§§§§§§§§§# .#
#####..§§§§§§§§§§# ##
#....)§###########
#....§§# #......#


You could see 4 gnolls.

Vanquished Creatures
  An adder (D:3)
  A dart slug (D:1)
  9 orcs
  8 ball pythons
  6 endoplasms
  A giant cockroach (D:1)
  11 goblins
  5 hobgoblins
  3 jackals (D:1)
  3 quokkas
  7 bats
  3 frilled lizards
  4 kobolds
  8 rats
70 creatures vanquished.

Notes
Turn   | Place    | Note
-------+----------+-------------------------------------------
     0 | D:1      | brightshaft the Demigod Hunter began the quest for the Orb.
     0 | D:1      | Reached XP level 1. HP: 17/17 MP: 3/3
     3 | D:1      | Found Zefryown's Book Shoppe.
    20 | D:1      | You fall into a shaft and drop 1 floor!
    87 | D:1      | Reached skill level 4 in Ranged Weapons
   135 | D:1      | Reached XP level 2. HP: 24/24 MP: 4/4
   355 | D:1      | Reached XP level 3. HP: 29/29 MP: 5/5
   963 | D:2      | Reached skill level 5 in Ranged Weapons
  1086 | D:2      | Found Biduech's Antique Armour Emporium.
  1312 | D:3      | Reached XP level 4. HP: 36/36 MP: 6/6
  2077 | D:4      | Slain by a gnoll

Illustrated notes

Levels and vault maps discovered:
D:1:      minmay_arrival_up_and_down, layout_basic, serial_shops,
          nicolae_shop_temple_entry_statues_fountains, minmay_tetromino_t4
D:2:      layout_rooms, basic_altar, serial_shops, shop
D:3:      minmay_inner_zag, layout_basic, chequers_temple_overflow_minitemple
D:4:      layout_gridville, makhleb_heckhound_becter,
          minmay_temple_entry_stoned_glass, kennysheep_small_circle

Skill      XL: |  1  2  3 |
---------------+----------+-----
Ranged Weapons | 4 5 |  5.4
Fighting       | |  1.7
Dodging        | |  1.7
Stealth        | |  0.8

Action                   |  1- 3 |  4- 6 || total
-------------------------+-------+-------++-------
 Fire: Shortbow          |   124 |    30 ||   154
  Use: Scroll            |     6 |     1 ||     7
Armor: Leather armour    |    15 |     3 ||    18
Dodge: Dodged            |    34 |     9 ||    43

Table legend: (Time is in decaauts)
 A = Elapsed time spent in this place.
 B = Non-inter-level travel time spent in this place.
 C = Inter-level travel time spent in this place.
 D = Time resting spent in this place.
 E = Time spent auto-exploring this place.
 F = Levels seen in this place.
 G = Mean time per level.
                   A        B        C        D        E       F      G
               +--------+--------+--------+--------+--------+-----+--------+
         Total |   2122 |   2024 |     98 |      0 |   1660 |   4 |  530.5 |
       Dungeon |   2122 |   2024 |     98 |      0 |   1660 |   4 |  530.5 |
               +--------+--------+--------+--------+--------+-----+--------+

Top non-repeatable levels by time:
     D:3: 794 daAuts
     D:1: 702 daAuts
     D:2: 502 daAuts
     D:4: 122 daAuts
